[Event "Titled Tuesday Blitz August 1 Late 2023"]
[White "Petesch, Gabriel"]
[Black "Alex_Sahakyan2006"]
[WhiteFideId "2032465"]
[WhiteElo "2519"]
[BlackElo "2716"]
[Result "0-1"]
[Round "6"]
[TimeControl "180+1"]
[Date "2023.08.01"]
[WhiteClock "0:00:00"]
[BlackClock "0:00:50"]
[Board "42"]

1. d4 Nc6 2. e3 e5 3. dxe5 Nxe5 4. Nf3 Nxf3+ 5. Qxf3 d5 6. b3 Qf6 7. Qxf6 Nxf6 8. Bb2 Bb4+ 9. c3 Bd6 10. Nd2 Bf5 11. g3 Nd7 12. Be2 Ne5 13. O-O Nd3 14. Bxd3 Bxd3 15. Rfe1 O-O-O 16. Rad1 Bc2 17. Rc1 Bf5 18. Nf3 Rhe8 19. Nd4 Bd7 20. Rcd1 c5 21. Ba3 Bg4 22. Ne2 Bf3 23. Rd2 g5 24. Kf1 g4 25. Ng1 Be4 26. Red1 b6 27. c4 dxc4 28. Rxd6 Bd3+ 29. R1xd3 cxd3 30. Rxd8+ Rxd8 31. Ke1 Kd7 32. Kd2 Ke6 33. f3 h5 34. Bc1 b5 35. h3 f5 36. e4 c4 37. exf5+ Kxf5 38. bxc4 bxc4 39. Kc3 Re8 40. Bd2 Rc8 41. Kd4 a6 42. Kc3 Rc7 43. Kd4 Rc8 44. Kc3 a5 45. Kd4 a4 46. Kc3 a3 47. Kd4 Rb8 48. Kxc4 Rb2 49. Kxd3 Rxa2 50. hxg4+ hxg4 51. fxg4+ Kxg4 52. Ne2 Rxd2+ 53. Kxd2 a2 54. Ke3 a1=Q 55. Kf2 Qe5 56. Nf4 Qe4 57. Ne2 Qf3+ 58. Ke1 Qe3 59. Kf1 Kf3 60. Ng1+ Kxg3 61. Ne2+ Kh2 62. Ng3 Qf3+ 63. Ke1 Kxg3 64. Kd2 Kf4 0-1


[Site "https://www.chess.com"]

[Event "Titled Tuesday Blitz August 1 Late 2023"]
[White "Kanakaris, Georgios"]
[Black "Klukin, Kirill"]
[WhiteFideId "4209460"]
[BlackFideId "24199273"]
[WhiteElo "2518"]
[BlackElo "2680"]
[Result "0-1"]
[Round "6"]
[TimeControl "180+1"]
[Date "2023.08.01"]
[WhiteClock "0:00:01"]
[BlackClock "0:00:05"]
[Board "43"]

1. e4 c5 2. b4 d6 3. bxc5 dxc5 4. Bb2 Nf6 5. e5 Nd5 6. Nc3 e6 7. Nxd5 exd5 8. Qf3 Nc6 9. Bb5 Qb6 10. Qb3 Be6 11. Ne2 d4 12. Qa4 Bd7 13. Nf4 a6 14. Nd5 Qd8 15. O-O Rb8 16. Be2 Nb4 17. Qb3 Be6 18. c4 dxc3 19. dxc3 Bxd5 20. c4 Bc6 21. Rad1 Qg5 22. Qh3 Be7 23. f4 Qh6 24. Qf5 Qg6 25. Qh3 O-O 26. a3 Nc2 27. Bd3 Be4 28. f5 Qc6 29. f6 Rfe8 30. fxe7 Rxe7 31. Qg4 Bg6 32. Qg3 Nd4 33. Bxg6 hxg6 34. Bxd4 cxd4 35. Rxd4 Rbe8 36. Rh4 Qc5+ 37. Kh1 Qc8 38. Qf4 g5 39. Qxg5 Rxe5 40. Qg3 Qe6 41. Rhf4 Re1 42. h3 Rxf1+ 43. Rxf1 g6 44. Kg1 Re7 45. Kh1 Qxc4 46. Qb8+ Kg7 47. Qd6 Qxf1+ 48. Kh2 Qf6 0-1


[Site "https://www.chess.com"]

[Event "Titled Tuesday Blitz August 1 Late 2023"]
[White "Droin, Augustin"]
[Black "Ardelean, George-Catalin"]
[WhiteFideId "45105987"]
[BlackFideId "1207091"]
[WhiteElo "2516"]
[BlackElo "2668"]
[Result "0-1"]
[Round "6"]
[TimeControl "180+1"]
[Date "2023.08.01"]
[WhiteClock "0:01:37"]
[BlackClock "0:00:46"]
[Board "44"]

1. e4 d5 2. exd5 Qxd5 3. Nc3 Qd6 4. Nf3 c6 5. h3 Bf5 6. d4 e6 7. Bc4 Nd7 8. Be3 Ngf6 9. Qd2 Qc7 10. O-O-O Bb4 11. Bd3 Nd5 12. Bxf5 Nxc3 13. Qd3 Nxd1 14. Bxe6 Nxe3 15. Bxf7+ Kxf7 16. Ng5+ Ke8 17. Qxe3+ Be7 18. Ne6 Qd6 19. Re1 Nf6 20. Nxg7+ Kd7 21. Nf5 Nd5 22. Qb3 Qf4+ 23. Kb1 Qxf5 24. Qxb7+ Nc7 25. Re5 Rhb8 26. Rxe7+ Kxe7 27. Qxc7+ Kf8 28. b3 Rd8 29. Qxc6 Rac8 30. Qh6+ Kg8 31. Qd2 Rxd4 32. Qxd4 Qxc2+ 33. Ka1 Qc1# 0-1


[Site "https://www.chess.com"]

[Event "Titled Tuesday Blitz August 1 Late 2023"]
[White "Annaberdiyev, Meylis"]
[Black "FromTexas54"]
[WhiteFideId "14000563"]
[WhiteElo "2667"]
[BlackElo "2511"]
[Result "1-0"]
[Round "6"]
[TimeControl "180+1"]
[Date "2023.08.01"]
[WhiteClock "0:00:34"]
[BlackClock "0:00:15"]
[Board "45"]

1. e4 g6 2. d4 Bg7 3. Nf3 d6 4. Be2 a6 5. c4 Nf6 6. Nc3 O-O 7. O-O c5 8. d5 b5 9. cxb5 Bg4 10. Nd2 Bxe2 11. Qxe2 Qa5 12. Nc4 Qd8 13. a4 axb5 14. Nxb5 Na6 15. Bd2 Nd7 16. Bc3 Nb6 17. Ba5 Rb8 18. h4 Nb4 19. Nba3 h5 20. Nxb6 Ra8 21. Bxb4 cxb4 22. Nac4 Rb8 23. a5 Qc7 24. Ra4 b3 25. Qe3 Qa7 26. Qxb3 Bd4 27. Qd1 Bf6 28. b4 Bxh4 29. e5 dxe5 30. Nxe5 Qc7 31. Ned7 Bf6 32. Nxf8 Kxf8 33. d6 exd6 34. Nd5 Qd8 35. Nxf6 Qxf6 36. a6 1-0


[Site "https://www.chess.com"]

[Event "Titled Tuesday Blitz August 1 Late 2023"]
[White "Bettalli, Francesco"]
[Black "Rosen, Eric"]
[WhiteFideId "2816453"]
[BlackFideId "2032562"]
[WhiteElo "2509"]
[BlackElo "2666"]
[Result "1-0"]
[Round "6"]
[TimeControl "180+1"]
[Date "2023.08.01"]
[WhiteClock "0:00:31"]
[BlackClock "0:00:02"]
[Board "46"]

1. e4 e5 2. Nf3 Nf6 3. Bc4 Nc6 4. d3 Bc5 5. O-O d6 6. c3 a6 7. h3 Ba7 8. Bg5 h6 9. Bh4 g5 10. Nxg5 hxg5 11. Bxg5 Rg8 12. h4 Bg4 13. Qb3 Qd7 14. Bxf6 Bf3 15. Bxf7+ Qxf7 16. Qxf7+ Kxf7 17. Bg5 Be2 18. Re1 Bxd3 19. Nd2 Ke6 20. Be3 a5 21. Nf3 Kd7 22. Ng5 Bc4 23. b3 Be6 24. Rad1 Bxe3 25. Rxe3 a4 26. g3 axb3 27. axb3 Bxb3 28. Rb1 Na5 29. f4 Nc4 30. Re2 Na5 31. f5 Bc4 32. Re3 b5 33. Kf2 Nc6 34. g4 Ra2+ 35. Kg3 b4 36. Nh7 Ke7 37. g5 b3 38. g6 Kd7 39. Nf6+ Ke7 40. Nxg8+ Bxg8 41. h5 Kf6 42. h6 Na5 43. h7 Bxh7 44. gxh7 Kg7 45. Rh1 Kh8 46. f6 Nc4 47. f7 Ra8 48. Rf3 Rf8 49. Rf6 Nd2 50. Rg6 Nxe4+ 51. Kg2 Nf6 52. Rg8+ Nxg8 53. hxg8=R# 1-0


[Site "https://www.chess.com"]

[Event "Titled Tuesday Blitz August 1 Late 2023"]
[White "Jimenez Jimenez, Leandro"]
[Black "Rastbod, Ali"]
[WhiteFideId "6415253"]
[BlackFideId "12567477"]
[WhiteElo "2509"]
[BlackElo "2661"]
[Result "0-1"]
[Round "6"]
[TimeControl "180+1"]
[Date "2023.08.01"]
[WhiteClock "0:00:00"]
[BlackClock "0:00:25"]
[Board "47"]

1. e4 e6 2. c4 d5 3. e5 dxc4 4. Nf3 g5 5. Qa4+ Nc6 6. Qxc4 Bg7 7. Qe4 h5 8. h3 Qd5 9. Nc3 Qxe4+ 10. Nxe4 g4 11. hxg4 hxg4 12. Rxh8 Bxh8 13. Nh2 Nxe5 14. d4 Nc6 15. Bf4 f5 16. Nc3 Nxd4 17. O-O-O Bd7 18. Bxc7 Rc8 19. Bf4 e5 20. Bg5 Bc6 21. Kb1 Ne7 22. Re1 b5 23. a3 a5 24. Bc1 b4 25. axb4 axb4 26. Ne2 Be4+ 0-1


[Site "https://www.chess.com"]

[Event "Titled Tuesday Blitz August 1 Late 2023"]
[White "Goltsev, Dmitry"]
[Black "Kovalevsky, Stanislav"]
[WhiteFideId "24176710"]
[BlackFideId "13508598"]
[WhiteElo "2657"]
[BlackElo "2509"]
[Result "0-1"]
[Round "6"]
[TimeControl "180+1"]
[Date "2023.08.01"]
[WhiteClock "0:00:02"]
[BlackClock "0:00:04"]
[Board "48"]

1. e4 c6 2. d4 d5 3. Nc3 dxe4 4. Nxe4 Nf6 5. Qe2 Nxe4 6. Qxe4 Nd7 7. Nf3 Nf6 8. Qd3 g6 9. c3 Bf5 10. Qe3 Bg7 11. Bc4 O-O 12. h3 Nd5 13. Qe2 Re8 14. g4 Bc8 15. Bg5 h6 16. Bd2 b5 17. Bb3 a5 18. a3 Ba6 19. Qe4 Qd7 20. O-O-O b4 21. cxb4 axb4 22. a4 Nf6 23. Qxg6 e6 24. Qc2 c5 25. g5 hxg5 26. Bxg5 c4 27. Rdg1 cxb3 28. Bxf6 Rec8 29. Rxg7+ Kf8 30. Rhg1 Rxc2+ 31. Kb1 Rc1+ 32. Kxc1 Qc6+ 33. Kd2 Qc2+ 34. Ke3 Qd3+ 35. Kf4 Qf5+ 36. Ke3 Qxf6 37. Rg8+ Ke7 38. Rxa8 Bb7 39. Ne5 Bxa8 40. Rg8 Qh6+ 41. Ke2 Qh5+ 42. f3 Bd5 43. Rc8 Kf6 44. Rc7 Qxh3 45. Rxf7+ Kg5 46. f4+ Kh6 47. a5 Qg2+ 48. Ke1 Qe4+ 49. Kf2 Qxd4+ 50. Kg3 Qxb2 51. Ng4+ Kg6 52. Ne5+ Kh6 53. Ng4+ Kh5 54. Ne5 Qc3+ 55. Kf2 Qd4+ 56. Kg3 Qe3+ 57. Kh2 Qe2+ 58. Kh3 Qg2# 0-1


[Site "https://www.chess.com"]

[Event "Titled Tuesday Blitz August 1 Late 2023"]
[White "Haydon, David L"]
[Black "Romero Pallares, Daniel"]
[WhiteFideId "415405"]
[BlackFideId "32025637"]
[WhiteElo "2650"]
[BlackElo "2508"]
[Result "0-1"]
[Round "6"]
[TimeControl "180+1"]
[Date "2023.08.01"]
[WhiteClock "0:00:18"]
[BlackClock "0:00:06"]
[Board "49"]

1. d4 g6 2. Nc3 Bg7 3. e4 d5 4. exd5 Nf6 5. Bc4 O-O 6. Nf3 Nbd7 7. Bb3 Nb6 8. O-O a5 9. a4 Nbxd5 10. Nxd5 Nxd5 11. c3 c6 12. Re1 Bf5 13. Ne5 Qc7 14. Nc4 Rad8 15. Qf3 Be6 16. Bg5 Rfe8 17. Bh4 b6 18. Rxe6 fxe6 19. Bg3 Qd7 20. Re1 Rf8 21. Qe2 Kh8 22. Be5 Qe8 23. Bxg7+ Kxg7 24. Qxe6 Rf6 25. Qe2 Qf8 26. Ne5 Nf4 27. Qe3 Nd5 28. Qg3 c5 29. Ng4 Rf5 30. dxc5 bxc5 31. Bxd5 Rfxd5 32. Ne3 Rd2 33. h4 h5 34. f4 e6 35. Kh2 Qf6 36. Nc4 R8d3 37. Qg5 Qxg5 38. fxg5 Rf2 39. Re4 Rd1 40. Kg3 Rff1 41. Rxe6 Rd3+ 42. Kh2 Rdd1 43. Re7+ Kf8 44. Re3 Rf4 45. Ne5 Rxh4+ 46. Kg3 Rxa4 47. Nxg6+ Kg7 48. Nf4 h4+ 49. Kg4 Rf1 50. Rf3 Rxf3 51. Kxf3 h3 52. gxh3 Ra2 53. h4 Rxb2 54. h5 a4 55. Ne6+ Kf7 56. Nd8+ Ke7 57. g6 Kf6 58. Nf7 a3 59. Nd6 a2 60. Ne4+ Kg7 61. Ng3 a1=Q 62. Nf5+ Kf6 63. g7 Qf1+ 64. Ke4 Re2+ 65. Kd3 Qxf5+ 66. Kxe2 Qg5 67. Kd3 Qxg7 68. Kc4 Qh6 69. Kb5 Qxh5 70. c4 Ke7 71. Kc6 Ke6 72. Kb6 Kd6 73. Kb5 Qe8+ 74. Kb6 Qb8+ 75. Ka5 Kc6 76. Ka4 Qb4# 0-1


[Site "https://www.chess.com"]

[Event "Titled Tuesday Blitz August 1 Late 2023"]
[White "Jovic, Stanoje"]
[Black "Jakubowski, Krzysztof"]
[WhiteFideId "905020"]
[BlackFideId "1112848"]
[WhiteElo "2506"]
[BlackElo "2648"]
[Result "0-1"]
[Round "6"]
[TimeControl "180+1"]
[Date "2023.08.01"]
[WhiteClock "0:00:00"]
[BlackClock "0:00:23"]
[Board "50"]

1. c4 Nf6 2. g3 c6 3. Bg2 d5 4. cxd5 cxd5 5. Nf3 Nc6 6. d4 Bf5 7. O-O e6 8. Nc3 Be7 9. Bf4 O-O 10. Rc1 Rc8 11. Ne5 Nh5 12. e4 Nxf4 13. gxf4 dxe4 14. Nxc6 Rxc6 15. Qd2 Bb4 16. Qe3 Bxc3 17. bxc3 Qd5 18. Rfe1 Rfc8 19. Bxe4 Bxe4 20. Qxe4 Qxe4 21. Rxe4 Rxc3 22. Rxc3 Rxc3 23. d5 Ra3 24. dxe6 fxe6 25. Rxe6 Rxa2 26. Re8+ Kf7 27. Rc8 Rb2 28. Kg2 a5 29. Ra8 b6 30. Kg3 h5 31. f5 Kf6 32. Rf8+ Ke7 33. Rg8 Kf7 34. Rb8 a4 35. Ra8 b5 36. f3 Rb4 37. Ra6 h4+ 38. Kh3 Rf4 39. Kg2 Rxf5 40. Kf2 Rc5 41. Ke3 Rc4 42. f4 Rc2 43. h3 Rc3+ 44. Ke4 Rxh3 45. Kf5 Rg3 46. Rb6 a3 47. Rxb5 h3 48. Rb7+ Kg8 0-1


[Site "https://www.chess.com"]

[Event "Titled Tuesday Blitz August 1 Late 2023"]
[White "Timerkhanov, Alexander"]
[Black "feuervogel1000000"]
[WhiteFideId "24177938"]
[WhiteElo "2636"]
[BlackElo "2507"]
[Result "0-1"]
[Round "6"]
[TimeControl "180+1"]
[Date "2023.08.01"]
[WhiteClock "0:01:14"]
[BlackClock "0:00:51"]
[Board "51"]

1. d4 Nf6 2. Bg5 d5 3. Nd2 c5 4. e3 Nc6 5. c3 e6 6. Ngf3 Be7 7. Bd3 O-O 8. O-O b6 9. Qe2 Bb7 10. a3 h6 11. Bh4 Rc8 12. b4 cxd4 13. cxd4 a5 14. b5 Nb8 15. Ne5 Nbd7 16. Bxf6 Bxf6 17. f4 Be7 18. a4 Rc3 19. Ndf3 Nxe5 20. Nxe5 Qc7 21. Qd2 Bb4 22. Qe2 Rc8 23. f5 f6 24. Ng6 exf5 25. Bxf5 Re8 26. Nf4 Rcxe3 27. Qh5 Bc3 28. Qg6 Bxd4 29. Qh7+ Kf8 30. Qh8+ Ke7 31. Qxg7+ Kd8 32. Qxc7+ Kxc7 33. Rac1+ Kd6 34. Kh1 Bc5 35. Bg6 Rg8 36. Bh5 d4 37. Bf3 Bxf3 38. Rxf3 Rxf3 39. gxf3 Bb4 40. Nd3 Bc3 41. Rg1 Rxg1+ 42. Kxg1 Kd5 43. Kf2 Kc4 44. Ke2 Kb3 45. Nf4 Kxa4 46. Nd5 Kxb5 47. Nxf6 a4 48. Kd3 a3 49. Nd5 a2 50. Nxc3+ dxc3 51. Kc2 a1=Q 52. Kb3 Qb2# 0-1


[Site "https://www.chess.com"]

[Event "Titled Tuesday Blitz August 1 Late 2023"]
[White "Araujo Sanchez, Josue"]
[Black "Michalczak, Thomas"]
[WhiteFideId "6416896"]
[BlackFideId "4622634"]
[WhiteElo "2631"]
[BlackElo "2504"]
[Result "0-1"]
[Round "6"]
[TimeControl "180+1"]
[Date "2023.08.01"]
[WhiteClock "0:00:00"]
[BlackClock "0:00:04"]
[Board "52"]

1. b3 d5 2. Bb2 Bg4 3. g3 Nf6 4. Bg2 e6 5. d3 c6 6. Nd2 Bd6 7. Ngf3 Nbd7 8. O-O O-O 9. c4 a5 10. a3 h6 11. Ra2 Re8 12. Nh4 e5 13. h3 Bh5 14. g4 Bg6 15. Nxg6 fxg6 16. e4 d4 17. Nf3 g5 18. Bc1 Nf8 19. Bd2 Qe7 20. Qc1 Ng6 21. Qb2 b5 22. cxb5 cxb5 23. a4 b4 24. Rc1 Rac8 25. Rxc8 Rxc8 26. Ra1 Rc3 27. Bxc3 bxc3 28. Qa2 Nf4 29. b4+ Kh7 30. bxa5 Nxd3 31. a6 Nf4 32. Qc4 Ba3 33. Rb1 Bb2 34. Ne1 Qd7 35. Bf1 Kh8 36. f3 Kh7 37. Nd3 Nxd3 38. Bxd3 Ne8 39. Qd5 Qc7 40. Qb7 c2 41. Qxb2 cxb1=Q+ 42. Qxb1 Qa5 43. Qb5 Qe1+ 44. Kg2 Nd6 45. Qb2 Qa5 46. Kf2 Nc8 47. Bb5 Nb6 48. Qc2 Qb4 49. Ke2 Qa5 50. Qb3 Nc8 51. Kd3 Nd6 52. Qd5 Qc3+ 53. Ke2 Qe3+ 54. Kd1 Qxf3+ 55. Be2 Qa3 56. Qxe5 Qa1+ 57. Kd2 Qc3+ 58. Kd1 Qa1+ 59. Kc2 d3+ 60. Bxd3 Qxe5 61. a7 Qc5+ 62. Kb3 Qxa7 63. e5+ g6 64. exd6 Qb6+ 65. Bb5 Qxd6 66. a5 Qc5 67. Ka4 Qc2+ 68. Kb4 Qb2+ 69. Kc5 Qc3+ 70. Kb6 Qd4+ 71. Kb7 Qb4 72. Kb6 Qd4+ 73. Kb7 Qe4+ 74. Bc6 Qb4+ 75. Ka6 Qc5 76. Bb5 Kg7 77. Bd7 Kf6 0-1


[Site "https://www.chess.com"]

[Event "Titled Tuesday Blitz August 1 Late 2023"]
[White "Sun, Rick"]
[Black "Koutlas, Nikolaos"]
[WhiteFideId "30909481"]
[BlackFideId "25827138"]
[WhiteElo "2627"]
[BlackElo "2503"]
[Result "0-1"]
[Round "6"]
[TimeControl "180+1"]
[Date "2023.08.01"]
[WhiteClock "0:00:00"]
[BlackClock "0:00:17"]
[Board "53"]

1. d4 Nf6 2. Nc3 d6 3. e4 g6 4. f3 Bg7 5. Nge2 O-O 6. Be3 a6 7. Qd2 b5 8. h4 h5 9. Bh6 c5 10. g4 hxg4 11. h5 gxf3 12. hxg6 fxe2 13. Bxe2 fxg6 14. Bxg7 Kxg7 15. Qh6+ Kf7 16. O-O-O cxd4 17. Nd5 Nbd7 18. Rdf1 Rg8 19. Qg5 Bb7 20. Rh7+ Rg7 21. Rxg7+ Kxg7 22. Nf4 Qg8 23. Qxg6+ Kf8 24. Qh6+ Ke8 25. Ne6 Qxe6 0-1


[Site "https://www.chess.com"]

[Event "Titled Tuesday Blitz August 1 Late 2023"]
[White "brm72"]
[Black "Mortazavi, Ali"]
[BlackFideId "401323"]
[WhiteElo "2609"]
[BlackElo "2500"]
[Result "1-0"]
[Round "6"]
[TimeControl "180+1"]
[Date "2023.08.01"]
[WhiteClock "0:00:20"]
[BlackClock "0:00:03"]
[Board "54"]

1. e4 c6 2. Nc3 d5 3. Nf3 dxe4 4. Nxe4 Nf6 5. Qe2 Be6 6. c4 Nxe4 7. Qxe4 g6 8. Qe5 Rg8 9. d4 Nd7 10. Qe3 Nf6 11. h3 Bg7 12. Bd2 Qb6 13. Bc3 h6 14. Ne5 O-O-O 15. Nxg6 Qc7 16. Ne5 Bh8 17. O-O-O Kb8 18. g3 h5 19. Bg2 Nd7 20. b3 Bf6 21. Kb2 Nb6 22. f4 Bxe5 23. Qxe5 Rxg3 24. Be4 Qxe5 25. dxe5 Rxd1 26. Rxd1 Bxh3 27. Rd8+ Kc7 28. Rf8 Bg2 29. Bf5 Rf3 30. e6 Rf2+ 31. Ka3 fxe6 32. Bxe6 h4 33. Be5# 1-0


[Site "https://www.chess.com"]

[Event "Titled Tuesday Blitz August 1 Late 2023"]
[White "Ozates, Tuna"]
[Black "MFatigue"]
[WhiteFideId "6354521"]
[WhiteElo "2607"]
[BlackElo "2498"]
[Result "1-0"]
[Round "6"]
[TimeControl "180+1"]
[Date "2023.08.01"]
[WhiteClock "0:01:26"]
[BlackClock "0:00:25"]
[Board "55"]

1. e4 e6 2. d4 d5 3. Nc3 Nf6 4. e5 Nfd7 5. f4 c5 6. Nf3 Nc6 7. Be3 a6 8. Qd2 b5 9. Be2 Qb6 10. Nd1 b4 11. O-O a5 12. c3 Ba6 13. f5 Be7 14. fxe6 fxe6 15. Bxa6 Qxa6 16. Ng5 Bxg5 17. Bxg5 h6 18. Bh4 g5 19. Bg3 Ke7 20. Ne3 Raf8 21. Ng4 cxd4 22. cxd4 Qa7 23. Rfd1 Rf5 24. Kh1 h5 25. Ne3 Rf7 26. Rac1 Qb6 27. Nxd5+ exd5 28. Qxg5+ Ke8 29. e6 Re7 30. exd7+ Rxd7 31. Qg6+ 1-0


[Site "https://www.chess.com"]

[Event "Titled Tuesday Blitz August 1 Late 2023"]
[White "Goldin, Alexander"]
[Black "Peycheva, Gergana"]
[WhiteFideId "2019540"]
[BlackFideId "2916711"]
[WhiteElo "2606"]
[BlackElo "2498"]
[Result "1-0"]
[Round "6"]
[TimeControl "180+1"]
[Date "2023.08.01"]
[WhiteClock "0:00:45"]
[BlackClock "0:00:04"]
[Board "56"]

1. Nf3 d5 2. g3 Nf6 3. Bg2 e6 4. c4 Be7 5. b3 O-O 6. O-O c6 7. d4 b6 8. Nc3 Bb7 9. Qc2 a5 10. Rd1 Na6 11. Ne5 Rc8 12. Bb2 Qc7 13. Rac1 c5 14. Nb5 Qb8 15. cxd5 cxd4 16. Nc6 Bxc6 17. dxc6 Nb4 18. c7 Nxc2 19. cxb8=Q Rxb8 20. Rxc2 e5 21. e3 dxe3 22. Bxe5 exf2+ 23. Kf1 Ng4 24. Bxb8 Ne3+ 25. Kxf2 Nxd1+ 26. Ke2 Rxb8 27. Kxd1 g6 28. Rc7 Bc5 29. Nc3 Rd8+ 30. Kc2 Bd6 31. Rb7 Be5 32. Nd5 Rc8+ 33. Kd2 Rd8 34. Rxb6 Kg7 35. Rb7 h5 36. Kd3 Bf6 37. a4 Re8 38. Nxf6 Kxf6 39. Ra7 Rd8+ 40. Kc3 Rc8+ 41. Kd4 Rc2 42. Bd5 Rd2+ 43. Kc5 1-0


[Site "https://www.chess.com"]

[Event "Titled Tuesday Blitz August 1 Late 2023"]
[White "Grossboss19"]
[Black "Sivakumar, Shaashwath"]
[BlackFideId "30912156"]
[WhiteElo "2493"]
[BlackElo "2603"]
[Result "1-0"]
[Round "6"]
[TimeControl "180+1"]
[Date "2023.08.01"]
[WhiteClock "0:01:50"]
[BlackClock "0:01:43"]
[Board "57"]

1. c4 c6 2. Nc3 d5 3. d4 Nf6 4. b3 Bf5 5. e3 e6 6. Bd3 Bb4 7. Ne2 Qa5 8. Bb2 Ne4 9. Bxe4 Bxe4 10. a3 Bd6 11. b4 Qc7 12. Nxe4 dxe4 13. Ng3 f5 14. d5 O-O 15. dxe6 Be5 16. Qb3 Qd6 17. c5 Qc7 18. e7+ 1-0


[Site "https://www.chess.com"]

[Event "Titled Tuesday Blitz August 1 Late 2023"]
[White "Tworuszka, Michal"]
[Black "Jimenez Almeida, Luis David"]
[WhiteFideId "1117858"]
[BlackFideId "22242244"]
[WhiteElo "2480"]
[BlackElo "2596"]
[Result "1-0"]
[Round "6"]
[TimeControl "180+1"]
[Date "2023.08.01"]
[WhiteClock "0:00:08"]
[BlackClock "0:00:07"]
[Board "58"]

1. d4 g6 2. e4 Bg7 3. Nf3 c5 4. d5 d6 5. Nc3 Nf6 6. Bb5+ Nbd7 7. a4 O-O 8. O-O a6 9. Be2 b6 10. Re1 Rb8 11. h3 Ne8 12. Bf4 Nc7 13. Bf1 b5 14. axb5 axb5 15. e5 dxe5 16. Nxe5 Nxe5 17. Bxe5 b4 18. Bxg7 Kxg7 19. Ne4 Qxd5 20. Qxd5 Nxd5 21. Nxc5 Bf5 22. g4 Rbc8 23. Ra5 Bxc2 24. Nd7 e6 25. Nxf8 Kxf8 26. Bg2 Nf4 27. Ra8 Rxa8 28. Bxa8 Nd3 29. Re2 b3 30. Be4 Nf4 31. Re3 Bd1 32. Kh2 g5 33. Bc6 h5 34. Bf3 Bc2 35. gxh5 Nd3 36. Be4 Nxf2 37. Bxc2 bxc2 38. Rc3 Nd3 39. Rxc2 Kg7 40. b3 f5 41. Rd2 Nc5 42. b4 Ne4 43. Rd7+ Kf6 44. b5 Nc5 45. Rc7 Na4 46. Ra7 Nb6 47. Ra6 Nd7 48. b6 Nc5 49. Ra5 Nb7 50. Ra7 Nc5 51. Rc7 Na6 52. Ra7 Nb8 53. b7 g4 54. Ra8 Nc6 55. b8=Q Nxb8 56. Rxb8 Kg5 57. hxg4 fxg4 58. Re8 Kxh5 59. Kg3 1-0


[Site "https://www.chess.com"]

[Event "Titled Tuesday Blitz August 1 Late 2023"]
[White "Harriott, Tyrell"]
[Black "Suder, Jakub"]
[WhiteFideId "2086484"]
[BlackFideId "1195310"]
[WhiteElo "2456"]
[BlackElo "2577"]
[Result "0-1"]
[Round "6"]
[TimeControl "180+1"]
[Date "2023.08.01"]
[WhiteClock "0:00:04"]
[BlackClock "0:00:50"]
[Board "60"]

1. d4 d5 2. e3 Nf6 3. Bd3 e6 4. f4 b6 5. c3 Be7 6. Nf3 O-O 7. O-O Ba6 8. Bxa6 Nxa6 9. Nbd2 c5 10. b3 Rc8 11. Bb2 cxd4 12. exd4 Nc7 13. c4 Nce8 14. Ne5 Nd6 15. Qf3 Nfe4 16. Rfd1 f6 17. Ng4 Nxd2 18. Rxd2 dxc4 19. d5 c3 20. Bxc3 Rxc3 21. Qxc3 Ne4 22. Qe3 Nxd2 23. Qxe6+ Kh8 24. Rd1 Bc5+ 25. Kh1 Re8 26. Qf5 Qe7 27. h3 Qe1+ 28. Kh2 Bg1+ 29. Kh1 Bf2+ 30. Rxe1 Rxe1+ 31. Kh2 Nf1+ 32. Kh1 Ng3+ 0-1


[Site "https://www.chess.com"]

[Event "Titled Tuesday Blitz August 1 Late 2023"]
[White "Domingo Nunez, Ruben"]
[Black "Gabdushev, Ruslan"]
[WhiteFideId "22245570"]
[BlackFideId "4137833"]
[WhiteElo "2570"]
[BlackElo "2453"]
[Result "1-0"]
[Round "6"]
[TimeControl "180+1"]
[Date "2023.08.01"]
[WhiteClock "0:00:11"]
[BlackClock "0:00:00"]
[Board "61"]

1. b3 b6 2. Bb2 Bb7 3. Nf3 e6 4. e3 f5 5. Be2 Nf6 6. c4 Be7 7. h3 a5 8. Nc3 O-O 9. a3 Ne4 10. Qc2 Bf6 11. d3 Nxc3 12. Bxc3 Bxc3+ 13. Qxc3 d6 14. Nd4 Qf6 15. Bf3 Bxf3 16. gxf3 e5 17. Ne2 Nd7 18. Rg1 c6 19. Kd2 Nc5 20. d4 Ne6 21. dxe5 dxe5 22. Kc2 f4 23. e4 c5 24. Kb2 Rfd8 25. Rad1 Nd4 26. Nxd4 cxd4 27. Qd3 Rdc8 28. Rg4 a4 29. b4 Rc7 30. Rc1 Rac8 31. Qd1 Qc6 32. Rg5 Qe8 33. Qg1 b5 34. c5 Qe6 35. Qd1 Qxh3 36. Rxe5 Rd8 37. Qd3 Qh4 38. Rc2 Qf6 39. Rd5 g5 40. Rd2 Rcd7 41. Qxd4 Rxd5 42. exd5 Qf7 43. c6 Re8 44. Qc5 Qf6+ 45. Qc3 Qf7 46. d6 1-0


[Site "https://www.chess.com"]

[Event "Titled Tuesday Blitz August 1 Late 2023"]
[White "KrokerGuy"]
[Black "Taboas Rodriguez, Daniel"]
[BlackFideId "2208466"]
[WhiteElo "2451"]
[BlackElo "2570"]
[Result "0-1"]
[Round "6"]
[TimeControl "180+1"]
[Date "2023.08.01"]
[WhiteClock "0:00:00"]
[BlackClock "0:00:21"]
[Board "62"]

1. e4 e5 2. Nf3 Nc6 3. d4 exd4 4. Nxd4 Nf6 5. Nxc6 bxc6 6. e5 Qe7 7. Qe2 Nd5 8. c4 Ba6 9. b3 Qh4 10. a3 Nf4 11. Qe4 Ng6 12. Qxh4 Nxh4 13. Nd2 d6 14. exd6 cxd6 15. g3 Ng6 16. Bg2 Kd7 17. O-O Be7 18. Bb2 f6 19. Rad1 Kc7 20. Rfe1 Rhe8 21. Nf3 Bf8 22. Nd4 Rab8 23. Rxe8 Rxe8 24. Bxc6 Rb8 25. Bd5 Ne5 26. Ne6+ Kd7 27. Bxe5 fxe5 28. c5 Bb5 29. a4 Bc6 30. Nxf8+ Rxf8 31. Bxc6+ Kxc6 32. cxd6 Kd7 33. Rd3 Rb8 34. Kf1 e4 35. Rc3 Kxd6 36. Ke2 Rf8 37. Rc4 Rb8 38. Rc3 Kd5 39. Ke3 Rf8 40. Ke2 Rb8 41. Ke3 Rf8 42. Ke2 a5 43. f3 exf3+ 44. Rxf3 Rb8 45. Rd3+ Ke4 46. Re3+ Kd4 47. Rd3+ Ke4 48. Rc3 h6 49. Kd2 Rf8 50. Rc4+ Kd5 51. Rf4 Rb8 52. Kc3 Ke5 53. Rc4 Kd5 54. Rg4 g5 55. h4 Rg8 56. hxg5 hxg5 57. Rd4+ Ke5 58. Rd7 Rc8+ 59. Kd3 Rb8 60. Kc3 Rc8+ 61. Kb2 Rb8 62. Ra7 Kf5 63. Rxa5+ Kg4 64. Rb5 Rg8 65. a5 Kxg3 66. a6 g4 67. a7 Ra8 68. Rb7 Kf2 69. b4 g3 70. b5 g2 71. Rg7 Rxa7 0-1


[Site "https://www.chess.com"]

[Event "Titled Tuesday Blitz August 1 Late 2023"]
[White "Todorovic, Bojan"]
[Black "Adan Bermudez, Sergio"]
[WhiteFideId "917087"]
[BlackFideId "2292726"]
[WhiteElo "2439"]
[BlackElo "2568"]
[Result "0-1"]
[Round "6"]
[TimeControl "180+1"]
[Date "2023.08.01"]
[WhiteClock "0:00:08"]
[BlackClock "0:00:13"]
[Board "63"]

1. c4 d6 2. Nc3 g6 3. d4 Bg7 4. e4 Nc6 5. Be3 e5 6. Nge2 Nf6 7. d5 Ne7 8. f3 O-O 9. Qd2 c5 10. g4 a6 11. Ng3 Ne8 12. h4 f5 13. gxf5 gxf5 14. Nh5 f4 15. Bf2 Bh6 16. Bh3 Bxh3 17. Rxh3 Nc7 18. Bxc5 Nc8 19. Ba3 Qe8 20. c5 Qxh5 21. cxd6 Nb5 22. Nxb5 axb5 23. d7 Nb6 24. Bxf8 Bxf8 25. d6 Qf7 26. Rd1 Qxd7 27. Rh1 Nc4 28. Qd5+ Qf7 29. Rg1+ Bg7 30. d7 Qxd5 31. Rxd5 Rd8 32. h5 Kf8 33. Ke2 Bf6 34. b3 Ne3 35. Rd3 Ke7 36. Rc1 Rxd7 37. Rxd7+ Kxd7 38. Rc5 b4 39. Rb5 Kc6 40. Rxb4 b5 41. a4 Nc2 42. axb5+ Kb6 43. Rc4 Nd4+ 44. Kf2 Kxb5 45. Rc7 h6 46. Rf7 Bg5 47. Rf8 Kc5 48. Re8 Kd6 49. b4 Be7 50. Rh8 Bg5 51. Re8 Nb5 52. Rb8 Nc7 53. b5 Kc5 54. b6 Na6 55. Re8 Kxb6 56. Rxe5 Nc5 57. Re6+ Nxe6 0-1


[Site "https://www.chess.com"]